[Event "40th Eastman Open Ghent"]
[Site "Ghent"]
[Date "2017.07.17"]
[Round "5"]
[White "Michielsen, Joost"]
[Black "Froeyman, Helmut"]
[Result "1/2-1/2"]
[ECO "C99"]
[WhiteElo "2409"]
[BlackElo "2264"]
[Annotator "ChessBase"]
[PlyCount "91"]
[EventDate "2017.??.??"]
[EventType "swiss"]
[EventCountry "BEL"]
[SourceTitle "playchess.com"]
[Source "ChessBase"]
[SourceQuality "1"]
[TimeControl "7200"]

1. e4 e5 2. Nf3 Nc6 3. Bb5 a6 4. Ba4 Nf6 5. O-O Be7 6. Re1 b5 7. Bb3 d6 8. c3 O-O 9. h3 Na5 10. Bc2 c5 11. d4 Qc7 12. Nbd2 cxd4 13. cxd4 Nc6 14. Nb3 a5 15. Be3 a4 16. Nbd2 Bd7 17. Rc1 Qb7 18. Qe2 Rfe8 19. Bd3 Rab8 20. Nf1 Bd8 21. Ng3 h6 22. dxe5 Nxe5 23. Bb1 Bb6 24. Red1 Bxe3 25. Qxe3 Rbc8 26. Rxc8 Qxc8 27. b3 axb3 28. axb3 Nxf3+ 29. Qxf3 Qc5 30. Qd3 Be6 31. Ne2 Qb4 32. Nd4 Bd7 33. f3 Rc8 34. Kh1 Rc3 35. Qd2 Qc5 36. Qb2 b4 37. Ne2 Qf2 38. Qa2 Re3 39. Nf4 Re1+ 40. Rxe1 Qxe1+ 41. Kh2 g5 42. Nd3 Qc3 43. Qa5 Qxb3 44. Qxb4 Qxb4 45. Nxb4 Kf8 46. Kg3 1/2-1/2

[Event "40th Eastman Open Ghent"]
[Site "Ghent"]
[Date "2017.07.17"]
[Round "5"]
[White "Abolianin, Arthur"]
[Black "Harakis, Alexis M"]
[Result "0-1"]
[ECO "A00"]
[WhiteElo "2329"]
[BlackElo "2284"]
[Annotator "NA"]
[PlyCount "70"]
[EventDate "2017.??.??"]
[EventType "swiss"]
[EventCountry "BEL"]
[SourceTitle "playchess.com"]
[Source "ChessBase"]
[SourceQuality "1"]
[TimeControl "7200"]

1. g3 d5 2. Bg2 e5 3. Nf3 e4 4. Nd4 Bc5 5. Nb3 Bb6 6. d3 Nf6 7. O-O O-O 8. Nc3 exd3 9. cxd3 a5 10. Bg5 c6 11. e4 a4 12. Nd2 a3 13. exd5 axb2 14. Rb1 h6 15. Bxf6 Qxf6 16. Qb3 Bd4 17. Ne2 $11 cxd5 18. Nxd4 Qxd4 19. Bxd5 Ra5 20. Be4 Qa7 21. Rxb2 Ra3 22. Qc2 Nc6 23. Nc4 Nd4 24. Qb1 Ra6 25. Nb6 Be6 26. a4 f5 27. Bg2 f4 28. Be4 f3 29. Nd5 Bh3 30. Qa2 Ne2+ 31. Rxe2 fxe2 32. Ne7+ Kh8 33. Qxe2 Bxf1 34. Kxf1 b5 35. Ng6+ Rxg6 0-1

[Event "40th Eastman Open Ghent"]
[Site "Ghent"]
[Date "2017.07.17"]
[Round "5"]
[White "Lammens, Tim"]
[Black "Van Beers, Eddy"]
[Result "1-0"]
[ECO "B20"]
[WhiteElo "2304"]
[BlackElo "2312"]
[Annotator "NA"]
[PlyCount "149"]
[EventDate "2017.??.??"]
[EventType "swiss"]
[EventCountry "BEL"]
[SourceTitle "playchess.com"]
[Source "ChessBase"]
[SourceQuality "1"]
[TimeControl "7200"]

1. e4 c5 2. Ne2 d6 3. g3 g6 4. Bg2 Bg7 5. c3 Nc6 6. d4 {[%emt 0:00:19] B20: Sicilian: Unusual White 2nd moves} Bg4 7. f3 Bd7 8. Be3 cxd4 9. cxd4 Nf6 10. Nbc3 O-O 11. O-O a6 12. Qd2 b5 13. h3 $146 ({Predecessor:} 13. b3 b4 14. Nd5 Nxd5 15. exd5 Na7 16. Qxb4 {0-1 (27) Pogosian,V (2153)-Papp,G (2551) Plovdiv 2012}) 13... Rb8 14. b3 b4 15. Na4 Na5 16. Nb2 $1 Bb5 17. Nd3 Nc6 18. Rfc1 a5 19. a4 bxa3 20. Rxa3 Nd7 21. d5 Nb4 22. Ndf4 Nc5 23. Nd4 $14 Bd7 24. h4 e5 25. dxe6 fxe6 26. Nde2 Qc7 27. h5 g5 28. h6 Bxh6 29. Nh5 Be8 30. Bxg5 Bxg5 31. Qxg5+ Bg6 32. Nhf4 Qf7 33. Rd1 Rb6 34. Nd4 e5 35. Nf5 Kh8 36. Nxd6 Qf6 37. Nxg6+ hxg6 38. Qxf6+ Rxf6 39. Nc4 Nc2 40. Rxa5 Nxb3 41. Ra8+ Kg7 42. Nxb6 Rxb6 43. Re8 Kf6 44. Red8 Nbd4 45. f4 Ne2+ 46. Kf2 Ncd4 47. fxe5+ Kxe5 48. Rd5+ Kf6 49. R5xd4 Nxd4 50. Rxd4 Ke5 51. Rd5+ Kf6 52. Bf3 Rb4 53. Ke3 g5 54. Ra5 Rb3+ 55. Kf2 Rc3 56. e5+ Kf5 57. e6+ Kxe6 58. Rxg5 Kf6 59. Ra5 Rb3 60. g4 Rc3 61. Kg3 Rb3 62. Kf4 Rb4+ 63. Be4 Rd4 64. Ra6+ Kg7 65. g5 Rb4 66. Ra7+ Kf8 67. Ke5 Rb6 68. Bd5 Rg6 69. Kf5 Rd6 70. Be6 Rd1 71. Kf6 Rf1+ 72. Bf5 Re1 73. Ra8+ Re8 74. Rxe8+ Kxe8 75. g6 1-0

[Event "40th Eastman Open Ghent"]
[Site "Ghent"]
[Date "2017.07.17"]
[Round "5"]
[White "Van Mechelen, Jan"]
[Black "Davey, Mark"]
[Result "1-0"]
[ECO "B30"]
[WhiteElo "2247"]
[BlackElo "1990"]
[Annotator "NA"]
[PlyCount "103"]
[EventDate "2017.??.??"]
[EventType "swiss"]
[EventCountry "BEL"]
[SourceTitle "playchess.com"]
[Source "ChessBase"]
[SourceQuality "1"]
[TimeControl "7200"]

1. e4 c5 2. Nf3 Nc6 3. Bb5 d6 4. d4 cxd4 5. Qxd4 Bd7 6. Bxc6 Bxc6 7. Nc3 Nf6 8. Bg5 h6 9. Bxf6 {[%emt 0:13:23] B53: Sicilian: 2...d6: Lines with Qxd4} gxf6 10. O-O-O Qa5 (10... Rg8 11. Rhg1 Qa5 12. Qd3 a6 13. Nd4 e6 14. Kb1 Bd7 15. f4 b5 16. e5 f5 17. exd6 {1-0 (24) Balogh,C (2605)-Likavsky,T (2498) Austria 2009}) 11. Kb1 Rg8 12. Nd5 $146 ({Predecessor:} 12. Nh4 e6 13. Rhe1 Qe5 14. Qe3 Qg5 15. g3 Qxe3 16. Rxe3 O-O-O {1-0 (57) Escobar Forero,A (2466)-Martinez Ramirez,E (2306) Barbera del Valles 2013}) 12... Bg7 13. Qd3 Rc8 14. Rhe1 Qc5 15. Nd4 Bxd5 16. exd5 Bf8 17. Nf5 Rxg2 18. Nxe7 Bxe7 19. Qe4 Qxc2+ 20. Qxc2 Rxc2 21. Kxc2 Rxh2 22. Re2 $16 Kd7 23. Rde1 Bd8 24. Rg1 Rh5 25. Rg7 Rxd5 26. Rxf7+ Kc6 27. Rf8 Rc5+ 28. Kb1 Kd7 29. Rf7+ Kc6 30. Re8 Bb6 31. Rxf6 Rh5 32. Ree6 Bc5 33. a3 Rh2 34. b4 Bxf2 35. Rxd6+ Kb5 36. Rxh6 Rg2 37. Rd2 Rg1+ 38. Kb2 Be3 39. Rh5+ Kc6 40. Rc2+ Kd6 41. Kb3 Rb1+ 42. Kc4 Ra1 43. Rc3 Bb6 44. Rg3 Rc1+ 45. Kb5 Bd8 46. Rg6+ Kd7 47. Rd5+ Kc7 48. Rg7+ Kc8 49. Rg8 a6+ 50. Ka4 Rc3 51. Rdxd8+ Kc7 52. Rc8+ 1-0

[Event "40th Eastman Open Ghent"]
[Site "Ghent"]
[Date "2017.07.17"]
[Round "5"]
[White "Stone, Andrew M"]
[Black "Van Herck, Marcel"]
[Result "1/2-1/2"]
[ECO "A37"]
[WhiteElo "2153"]
[BlackElo "2156"]
[Annotator "NA"]
[PlyCount "73"]
[EventDate "2017.??.??"]
[EventType "swiss"]
[EventCountry "BEL"]
[SourceTitle "playchess.com"]
[Source "ChessBase"]
[SourceQuality "1"]
[TimeControl "7200"]

1. c4 c5 2. g3 Nc6 3. Bg2 g6 4. Nc3 Bg7 5. Nf3 Nf6 6. d4 cxd4 7. Nxd4 Ng4 8. Nb3 O-O 9. c5 f5 10. O-O b6 11. cxb6 axb6 12. h3 Nf6 13. e4 fxe4 14. Nxe4 Nxe4 15. Bxe4 Ba6 16. Re1 Rc8 17. h4 e6 18. Rb1 d5 19. Bg2 Qf6 20. Bf4 Kh8 21. Qd2 Bc4 22. Rbd1 Rce8 23. Be3 b5 24. Bc5 Rf7 25. Nd4 Nxd4 26. Bxd4 Qxd4 27. Qxd4 Bxd4 28. Rxd4 Bxa2 29. Rb4 Bc4 30. b3 Bd3 31. Bxd5 Ref8 32. Be4 Bxe4 33. Rexe4 Rxf2 34. Rxe6 Rf1+ 35. Kg2 R8f2+ 36. Kh3 h5 37. g4 1/2-1/2

[Event "40th Eastman Open Ghent"]
[Site "Ghent"]
[Date "2017.07.17"]
[Round "5"]
[White "Vinke, Maarten"]
[Black "Cordts, Ingo"]
[Result "0-1"]
[ECO "C24"]
[WhiteElo "2127"]
[BlackElo "2259"]
[Annotator "NA"]
[PlyCount "42"]
[EventDate "2017.??.??"]
[EventType "swiss"]
[EventCountry "BEL"]
[SourceTitle "playchess.com"]
[Source "ChessBase"]
[SourceQuality "1"]
[TimeControl "7200"]

1. e4 e5 2. Bc4 Nf6 3. d4 exd4 4. Nf3 Bb4+ 5. c3 dxc3 6. bxc3 Bc5 7. O-O d5 8. exd5 O-O 9. Bb3 Bg4 10. Bb2 Qd6 11. c4 Nbd7 12. Nbd2 Rfe8 13. Re1 Rxe1+ 14. Qxe1 Bxf3 15. Nxf3 {[%emt 0:06:24] [#]} Ng4 $19 16. Qc3 Ndf6 17. Bc2 Bxf2+ 18. Kf1 Bc5 19. h3 Ne3+ 20. Ke2 Re8 21. Bxh7+ Kxh7 0-1

[Event "40th Eastman Open Ghent"]
[Site "Ghent"]
[Date "2017.07.17"]
[Round "5"]
[White "van Akkeren, Arno"]
[Black "Maes, Thomas"]
[Result "1-0"]
[ECO "B08"]
[WhiteElo "2086"]
[BlackElo "2201"]
[Annotator "NA"]
[PlyCount "31"]
[EventDate "2017.??.??"]
[EventType "swiss"]
[EventCountry "BEL"]
[SourceTitle "playchess.com"]
[Source "ChessBase"]
[SourceQuality "1"]
[TimeControl "7200"]

1. e4 d6 2. d4 Nf6 3. Nc3 g6 4. Nf3 Bg7 5. Bd3 O-O 6. O-O Nc6 7. h3 e6 8. Bg5 h6 9. Bh4 g5 10. Bg3 Ne7 11. e5 Nfd5 12. Ne4 Nf5 13. Bh2 Nf4 $16 (13... b6 $14) 14. g4 Ne7 15. Bxf4 gxf4 16. g5 1-0

[Event "40th Eastman Open Ghent"]
[Site "Ghent"]
[Date "2017.07.18"]
[Round "7"]
[White "Michielsen, Joost"]
[Black "Cordts, Ingo"]
[Result "1/2-1/2"]
[ECO "C96"]
[WhiteElo "2409"]
[BlackElo "2259"]
[Annotator "ChessBase"]
[PlyCount "46"]
[EventDate "2017.??.??"]
[EventType "swiss"]
[EventCountry "BEL"]
[SourceTitle "playchess.com"]
[Source "ChessBase"]
[SourceQuality "1"]
[TimeControl "7200"]

1. e4 e5 2. Nf3 Nc6 3. Bb5 a6 4. Ba4 Nf6 5. O-O Be7 6. Re1 b5 7. Bb3 d6 8. c3 O-O 9. h3 Na5 10. Bc2 c5 11. d4 Nd7 12. Nbd2 exd4 13. cxd4 Nc6 14. d5 Nce5 15. Nh2 Ng6 16. Ndf1 Bg5 17. Be3 Nb6 18. b3 f5 19. Bxg5 Qxg5 20. Nf3 Qf6 21. exf5 Bxf5 22. Bxf5 Qxf5 23. Ne3 Qh5 1/2-1/2

[Event "40th Eastman Open Ghent"]
[Site "Ghent"]
[Date "2017.07.18"]
[Round "7"]
[White "Abolianin, Arthur"]
[Black "Faybish, Nimrod"]
[Result "1-0"]
[ECO "A00"]
[WhiteElo "2329"]
[BlackElo "2178"]
[Annotator "NA"]
[PlyCount "99"]
[EventDate "2017.??.??"]
[EventType "swiss"]
[EventCountry "BEL"]
[SourceTitle "playchess.com"]
[Source "ChessBase"]
[SourceQuality "1"]
[TimeControl "7200"]

1. g3 e5 2. Bg2 d5 3. Nf3 Bd6 4. O-O Nf6 5. d3 O-O 6. c4 c6 {[%emt 0:00:38] A00: Irregular Openings} 7. Bg5 (7. cxd5 cxd5 8. Bg5 Nbd7 9. Nc3 h6 10. Bd2 a6 11. Rc1 Re8 12. Nh4 d4 13. Ne4 Nxe4 14. Bxe4 {1-0 (44) Mamedov,R (2650)-Fressinet,L (2700) Huaian 2016}) 7... Be6 8. Qb3 $146 ({Predecessor:} 8. Nc3 Nbd7 9. Nd2 h6 10. cxd5 cxd5 11. Bxf6 Nxf6 {0-1 (54) Pinales Roussel,G (1821)-Lugo Roldan,J (1762) Armenia 2013}) 8... Qb6 9. Bxf6 Qxb3 10. axb3 gxf6 11. Nc3 d4 12. Ne4 Be7 13. Ne1 Nd7 14. Nc2 Bg4 15. f3 Be6 16. b4 Rfc8 17. f4 f5 18. Nd2 f6 19. Bh3 Rf8 20. Nf3 $16 a6 21. Nh4 Rae8 22. Bxf5 Bd6 23. Bxe6+ Rxe6 24. f5 Re7 25. Nf3 c5 26. bxc5 Bxc5 27. b4 e4 28. Nfxd4 exd3 29. exd3 Bxd4+ 30. Nxd4 Re3 31. Rf3 Rfe8 32. Raf1 Rxf3 33. Nxf3 Re3 34. d4 Rb3 35. Kf2 Rxb4 36. c5 Rb3 37. Rc1 Kf7 38. d5 Ke7 39. c6 bxc6 40. dxc6 Nb6 41. Re1+ Kf7 42. Ra1 Rc3 43. Nd4 Rc4 44. Rxa6 Nd5 45. Ra7+ Kg8 46. Ne6 h5 47. Rg7+ Kh8 48. c7 Rc3 49. Rd7 Nb6 50. Rd6 1-0

[Event "40th Eastman Open Ghent"]
[Site "Ghent"]
[Date "2017.07.18"]
[Round "7"]
[White "Lammens, Tim"]
[Black "Voogt, Bob"]
[Result "1-0"]
[ECO "A04"]
[WhiteElo "2304"]
[BlackElo "2150"]
[Annotator "ChessBase"]
[PlyCount "35"]
[EventDate "2017.??.??"]
[EventType "swiss"]
[EventCountry "BEL"]
[SourceTitle "playchess.com"]
[Source "ChessBase"]
[SourceQuality "1"]
[TimeControl "7200"]

1. Nf3 f5 2. d3 e6 3. e4 fxe4 4. dxe4 b6 5. Bd3 Nc6 6. e5 Qe7 7. Nc3 Bb7 8. Qe2 Nb4 9. Be4 Nd5 10. Nxd5 exd5 11. Bd3 g6 12. Bg5 Qf7 13. Nd4 Be7 14. e6 dxe6 15. Bb5+ c6 16. Nxc6 Kf8 17. Nxe7 Nxe7 18. Qe5 {[%emt 0:00:16] Ke8} 1-0

[Event "40th Eastman Open Ghent"]
[Site "Ghent"]
[Date "2017.07.18"]
[Round "7"]
[White "De Jong, Tom"]
[Black "Hamblok, Roel"]
[Result "1-0"]
[ECO "B22"]
[WhiteElo "2258"]
[BlackElo "2305"]
[Annotator "NA"]
[PlyCount "69"]
[EventDate "2017.??.??"]
[EventType "swiss"]
[EventCountry "BEL"]
[SourceTitle "playchess.com"]
[Source "ChessBase"]
[SourceQuality "1"]
[TimeControl "7200"]

1. e4 c5 2. c3 d6 3. d4 Nf6 4. Bd3 g6 5. Ne2 Bg7 6. O-O O-O 7. b4 {[%emt 0:09:52] B07: Pirc Defence: Miscellaneous Systems} (7. h3 $142 Nc6 8. Be3 cxd4 9. cxd4 Nb4 10. Nbc3 Nxd3 11. Qxd3 b6 12. d5 e5 13. dxe6 fxe6 14. Rfd1 Bb7 15. Qxd6 Qxd6 16. Rxd6 Nxe4 17. Rxe6 Nxc3 18. Nxc3 {½-½ (52) Nepomniachtchi,I (2632)-Smirin,I (2650) Netanya 2009}) 7... cxb4 8. cxb4 Nc6 $146 ({Predecessor:} 8... Bg4 9. f3 Bd7 10. Be3 Qb6 11. Qd2 Bb5 12. Bxb5 Qxb5 13. a4 Qd7 {1-0 (46) Montero,W (2093)-Jolodovsky,A (2080) Buenos Aires 2002}) 9. a3 Qb6 10. Bb2 Ng4 (10... a6 $11) 11. h3 Nh6 12. Nd2 Nxd4 13. Bxd4 Bxd4 14. Nc4 Bxf2+ 15. Rxf2 Qd8 16. Qd2 Kg7 17. Nf4 f6 18. Ne3 Nf7 19. Bc4 $18 Ng5 20. Qd3 a5 21. b5 Bd7 22. h4 Nf7 23. Ne6+ Bxe6 24. Bxe6 Ne5 25. Qd4 Nd7 26. Bxd7 Qxd7 27. Nd5 Qg4 28. h5 Rae8 29. Nc7 Rc8 30. b6 Kh8 31. hxg6 hxg6 32. Qd5 Rb8 33. Rf3 Rg8 34. Rh3+ Kg7 35. Ne6+ 1-0

[Event "40th Eastman Open Ghent"]
[Site "Ghent"]
[Date "2017.07.18"]
[Round "7"]
[White "Sadkowski, Daniel"]
[Black "van der Valk, Niklas"]
[Result "1-0"]
[ECO "A40"]
[WhiteElo "2243"]
[BlackElo "2172"]
[Annotator "NA"]
[PlyCount "137"]
[EventDate "2017.??.??"]
[EventType "swiss"]
[EventCountry "BEL"]
[SourceTitle "playchess.com"]
[Source "ChessBase"]
[SourceQuality "1"]
[TimeControl "7200"]

1. d4 Nf6 2. c4 e6 3. g3 Bb4+ 4. Bd2 a5 5. Bg2 Nc6 6. Nf3 d5 7. O-O O-O {[%emt 0:01:06] LiveBook: 19 Games} 8. Qc2 Bd7 9. Bf4 dxc4 10. Qxc4 Nd5 11. Bg5 f6 12. Bd2 Na7 (12... Nb6 $11 13. Qb3 a4) 13. Re1 Qe7 14. a3 $16 Bxd2 15. Nbxd2 Bb5 16. Qc2 Nb6 17. Rac1 c6 18. Ne4 Nd7 19. Qd2 b6 20. Qf4 Ba6 21. Qd6 Qxd6 22. Nxd6 Nc8 23. Nxc8 Raxc8 24. Bh3 Rfe8 25. b4 axb4 26. axb4 b5 27. Nd2 Nb6 28. Ne4 Rc7 29. Ra1 Bc8 30. Nd6 Ree7 31. Rec1 f5 32. Bg2 Red7 33. Nxc8 Nxc8 34. Rxc6 Rxc6 35. Bxc6 Rc7 36. Bxb5 Nb6 37. Bd3 Rb7 38. b5 Nd5 39. f3 Nb6 40. Rc1 Kf7 41. Kf2 Kf6 42. Rc6 Nd5 43. Bc4 Nc7 44. b6 Na8 45. Rxe6+ Kg5 46. f4+ Kg4 47. Bb3 Rxb6 48. Rxb6 Nxb6 49. d5 Nd7 50. Kg2 Nc5 51. Bc2 Kh5 52. h3 Kg6 53. Kf3 Kf6 54. Ke3 Ke7 55. Kd4 Nd7 56. Bxf5 Nf8 57. e4 g6 58. Bc8 Kd8 59. Ba6 Nd7 60. e5 Nb8 61. Bb5 Ke7 62. d6+ Ke6 63. Bc4+ Kd7 64. Kd5 g5 65. e6+ Kd8 66. e7+ Ke8 67. Bb5+ Nd7 68. Ke6 g4 69. Bxd7# 1-0

[Event "40th Eastman Open Ghent"]
[Site "Ghent"]
[Date "2017.07.18"]
[Round "7"]
[White "Lacrosse, Marc"]
[Black "Van Beers, Eddy"]
[Result "1/2-1/2"]
[ECO "A57"]
[WhiteElo "2185"]
[BlackElo "2312"]
[Annotator "NA"]
[PlyCount "72"]
[EventDate "2017.??.??"]
[EventType "swiss"]
[EventCountry "BEL"]
[SourceTitle "playchess.com"]
[Source "ChessBase"]
[SourceQuality "1"]
[TimeControl "7200"]

1. d4 Nf6 2. c4 c5 3. d5 b5 4. cxb5 a6 5. e3 axb5 6. Bxb5 Qa5+ 7. Nc3 Bb7 8. Bd2 Qb6 9. Nf3 Nxd5 10. a4 e6 11. O-O Be7 12. Nxd5 (12. e4 $5 Nxc3 13. Bxc3 $14) 12... Bxd5 13. Bc3 O-O {[%emt 0:14:48] LiveBook: 18 Games} 14. Ne5 f6 15. Nc4 $11 (15. e4 $5) 15... Qb7 16. Qg4 Rf7 17. Rfd1 f5 18. Qg3 Bxc4 19. Bxc4 d5 20. Qf3 Qc6 21. Rxd5 exd5 22. Bxd5 Rxa4 23. Bxf7+ Kxf7 24. Qxf5+ Kg8 25. Rxa4 Qxa4 26. Qe6+ Kf8 27. Bxg7+ Kxg7 28. Qxe7+ Kg6 29. Qe6+ Kg7 30. Qe5+ Kg6 31. h4 Qd1+ 32. Kh2 Nd7 33. Qe4+ Kg7 34. Qe7+ Kg6 35. Qe4+ Kg7 36. Qe7+ Kg6 1/2-1/2

[Event "40th Eastman Open Ghent"]
[Site "Ghent"]
[Date "2017.07.18"]
[Round "7"]
[White "Kitze, Alexander"]
[Black "Harakis, Alexis M"]
[Result "1/2-1/2"]
[ECO "A06"]
[WhiteElo "2177"]
[BlackElo "2284"]
[Annotator "NA"]
[PlyCount "97"]
[EventDate "2017.??.??"]
[EventType "swiss"]
[EventCountry "BEL"]
[SourceTitle "playchess.com"]
[Source "ChessBase"]
[SourceQuality "1"]
[TimeControl "7200"]

1. Nf3 d5 2. d4 c6 3. g3 Bf5 4. Bg2 e6 5. O-O Nf6 6. c4 Nbd7 7. b3 Be7 8. Bb2 O-O 9. Nbd2 Ne4 10. Ne1 {[%emt 0:15:09] LiveBook: 8 Games D11: Slav Defence: 3 Nf3 sidelines and 3...Nf6 4 e3 Bg4} (10. Nxe4 Bxe4 11. Nd2 Bxg2 12. Kxg2 Re8 13. Rc1 a5 14. a3 h6 15. e3 Bf6 16. b4 a4 17. e4 dxe4 18. Nxe4 Be7 {½-½ (32) Mecking,H (2606)-Cubas,J (2469) Florianopolis 2017}) 10... a5 11. Nd3 Nxd2 (11... a4 $5) 12. Qxd2 dxc4 $146 (12... Bf6 $11 {remains equal.}) ({Predecessor:} 12... Qb6 13. c5 Qb5 14. Rad1 b6 15. cxb6 Rfb8 16. Nc5 Nxc5 17. dxc5 Bxc5 {0-1 (101) Przezdziecka,M (2286)-Rajlich,I (2406) Chorzow 2013}) 13. bxc4 a4 14. e4 Bg6 15. Rac1 a3 16. Ba1 e5 17. d5 $14 f6 18. f4 Nc5 19. fxe5 fxe5 20. Nxe5 Bxe4 21. Rxf8+ Bxf8 22. Bxe4 Nxe4 23. Qf4 Nf6 24. Ng4 Qb6+ 25. Kg2 Nxg4 26. Qxg4 cxd5 27. cxd5 Qd6 28. Qf3 Rd8 29. Rd1 Qg6 30. Rd2 Bc5 31. Be5 Rf8 32. Bf4 Bd6 33. Qd3 Qxd3 34. Rxd3 Bxf4 35. gxf4 Ra8 36. Rb3 Ra5 37. Kf3 Rxd5 38. Rxa3 Kf7 39. Rb3 b5 40. Rb4 Kg6 41. a4 bxa4 42. Rxa4 Rd3+ 43. Kg4 h5+ 44. Kh4 Rd2 45. h3 Rd3 46. Ra5 Rf3 47. Rg5+ Kf6 48. Rxh5 Rxf4+ 49. Kg3 1/2-1/2

[Event "40th Eastman Open Ghent"]
[Site "Ghent"]
[Date "2017.07.18"]
[Round "8"]
[White "Sarrau, Jelle"]
[Black "Verhaeren, Gertjan"]
[Result "1-0"]
[ECO "E68"]
[WhiteElo "2363"]
[BlackElo "2067"]
[Annotator "ChessBase"]
[PlyCount "45"]
[EventDate "2017.??.??"]
[EventType "swiss"]
[EventCountry "BEL"]
[SourceTitle "playchess.com"]
[Source "ChessBase"]
[SourceQuality "1"]
[TimeControl "7200"]

1. Nf3 Nf6 2. c4 g6 3. Nc3 Bg7 4. g3 O-O 5. Bg2 d6 6. d4 Nbd7 7. O-O e5 8. e4 c6 9. Re1 Qb6 10. d5 cxd5 11. cxd5 Ng4 12. Qe2 f5 13. h3 Ngf6 14. Be3 Qd8 15. Ng5 Nc5 16. exf5 Bxf5 17. g4 Bd3 18. Qd2 h6 19. Bxc5 hxg5 20. Be3 Ba6 21. Bxg5 Qb6 22. Ne4 Rac8 23. Be3 1-0

[Event "40th Eastman Open Ghent"]
[Site "Ghent"]
[Date "2017.07.18"]
[Round "8"]
[White "Cordts, Ingo"]
[Black "Abolianin, Arthur"]
[Result "1-0"]
[ECO "A04"]
[WhiteElo "2259"]
[BlackElo "2329"]
[Annotator "ChessBase"]
[PlyCount "37"]
[EventDate "2017.??.??"]
[EventType "swiss"]
[EventCountry "BEL"]
[SourceTitle "playchess.com"]
[Source "ChessBase"]
[SourceQuality "1"]
[TimeControl "7200"]

1. Nf3 g6 2. d4 Bg7 3. c4 d6 4. Nc3 c5 5. d5 Bxc3+ 6. bxc3 f5 7. h4 Nf6 8. h5 Nxh5 9. Rxh5 gxh5 10. e4 fxe4 11. Ng5 Bg4 12. Qc2 h6 13. Nxe4 Qa5 14. Nxd6+ exd6 15. Qg6+ Kd8 16. Qf6+ Kc7 17. Qxh8 Nd7 18. Qg7 Rg8 19. f3 1-0

[Event "40th Eastman Open Ghent"]
[Site "Ghent"]
[Date "2017.07.19"]
[Round "9"]
[White "Michielsen, Joost"]
[Black "Van Mechelen, Jan"]
[Result "0-1"]
[ECO "B90"]
[WhiteElo "2409"]
[BlackElo "2247"]
[Annotator "ChessBase"]
[PlyCount "52"]
[EventDate "2017.??.??"]
[EventType "swiss"]
[EventCountry "BEL"]
[SourceTitle "playchess.com"]
[Source "ChessBase"]
[SourceQuality "1"]
[TimeControl "7200"]

1. e4 c5 2. Nf3 d6 3. d4 cxd4 4. Nxd4 Nf6 5. Nc3 a6 6. h3 e5 7. Nde2 h5 8. Bg5 Be7 9. Ng3 g6 10. Bc4 Nbd7 11. a4 b6 12. Nd5 Bb7 13. Nxe7 Qxe7 14. O-O h4 15. Ne2 Rh5 16. Bxf6 Nxf6 17. Nc3 Nxe4 18. Nd5 Qd8 19. Qf3 f5 20. Qe3 Rb8 21. Rad1 Kf8 22. Nxb6 f4 23. Qb3 Nc5 24. Qb4 f3 25. Rfe1 a5 26. Nd7+ Ke7 0-1

[Event "40th Eastman Open Ghent"]
[Site "Ghent"]
[Date "2017.07.19"]
[Round "9"]
[White "Van Beers, Eddy"]
[Black "De Jong, Jasper"]
[Result "1-0"]
[ECO "C06"]
[WhiteElo "2312"]
[BlackElo "2151"]
[Annotator "NA"]
[PlyCount "59"]
[EventDate "2017.??.??"]
[EventType "swiss"]
[EventCountry "BEL"]
[SourceTitle "playchess.com"]
[Source "ChessBase"]
[SourceQuality "1"]
[TimeControl "7200"]

1. e4 e6 2. d4 d5 3. Nd2 Nf6 4. e5 Nfd7 5. c3 c5 6. Bd3 Nc6 7. Ne2 cxd4 8. cxd4 f6 9. exf6 Nxf6 10. Nf3 Bd6 11. O-O O-O 12. Bf4 Bxf4 13. Nxf4 Qd6 14. g3 e5 15. dxe5 {[%emt 0:00:48] C06: French Tarrasch: 3...Nf6 4 e5 Nfd7 5 Bd3 main lines} Nxe5 16. Nxe5 Qxe5 {[%emt 0:00:07] LiveBook: 14 Games} 17. Qd2 Ne4 $146 ({Predecessor:} 17... Bg4 18. Rae1 Qd6 19. Bc4 Kh8 20. Qd4 Qb4 21. Nxd5 Rad8 22. Qxg4 Rxd5 {½-½ (71) Yu,R (2556)-Tran,T (2310) Ho Chi Minh City 2013}) 18. Qa5 Bf5 19. Rad1 Rad8 20. Bxe4 ({Don't play} 20. Qxa7 $6 g5 $14) 20... Bxe4 21. f3 ({Much worse is} 21. Qxa7 $6 g5 $11) 21... b6 $2 (21... Bg6 $16) 22. Qe1 g5 23. Ng2 Qxb2 24. fxe4 dxe4 25. Rxd8 Rxd8 26. Qxe4 Qxa2 27. Qe7 Qd5 28. Ne3 Qd4 29. Qxg5+ Kh8 30. Rd1 $18 (30. Qe7 $142 Rg8 31. Rf7) 1-0

[Event "40th Eastman Open Ghent"]
[Site "Ghent"]
[Date "2017.07.19"]
[Round "9"]
[White "Froeyman, Helmut"]
[Black "Goormachtigh, Johan"]
[Result "1/2-1/2"]
[ECO "B47"]
[WhiteElo "2264"]
[BlackElo "2156"]
[Annotator "ChessBase"]
[PlyCount "38"]
[EventDate "2017.??.??"]
[EventType "swiss"]
[EventCountry "BEL"]
[SourceTitle "playchess.com"]
[Source "ChessBase"]
[SourceQuality "1"]
[TimeControl "7200"]

1. e4 c5 2. Nf3 e6 3. d4 cxd4 4. Nxd4 Nc6 5. Nc3 Qc7 6. Be2 a6 7. O-O Nf6 8. Be3 Bb4 9. Na4 Be7 10. Nxc6 bxc6 11. Bd3 c5 12. c4 Bb7 13. Nc3 d6 14. f4 O-O 15. Qf3 Rfe8 16. Qh3 Nd7 17. Rae1 Nf8 18. Bd2 Bf6 19. Re2 Ng6 1/2-1/2

[Event "40th Eastman Open Ghent"]
[Site "Ghent"]
[Date "2017.07.19"]
[Round "9"]
[White "Sadkowski, Daniel"]
[Black "Van Herck, Marcel"]
[Result "1/2-1/2"]
[ECO "E09"]
[WhiteElo "2243"]
[BlackElo "2156"]
[Annotator "NA"]
[PlyCount "59"]
[EventDate "2017.??.??"]
[EventType "swiss"]
[EventCountry "BEL"]
[SourceTitle "playchess.com"]
[Source "ChessBase"]
[SourceQuality "1"]
[TimeControl "7200"]

1. d4 Nf6 2. c4 e6 3. g3 d5 4. Nf3 Be7 5. Bg2 O-O 6. O-O c6 7. Qc2 Nbd7 8. Nbd2 b6 9. b3 Bb7 10. Bb2 Rc8 11. e4 dxe4 12. Nxe4 c5 13. Nxf6+ Bxf6 14. Ng5 Bxg5 15. Bxb7 Rc7 {[%emt 0:00:45] LiveBook: 3 Games} 16. Bg2 cxd4 17. Bxd4 Bf6 18. Bxf6 Qxf6 19. Qe2 Rd8 20. Rad1 $11 Nf8 21. Rxd8 Qxd8 22. Rd1 Rd7 23. Rxd7 Qxd7 24. h4 Qd4 25. Bf3 g6 26. Kg2 h5 27. Qd1 Qb2 28. Qe2 Qd4 29. Qd1 Qc3 30. Qd6 1/2-1/2